 Dungeon Sprint DCSS version 0.27-a0-277-g024f7ef292 (webtiles) character file.

Game seed: 7184671718951617405

27458 mhtbhm the Severer (level 13, -5/134 HPs)
             Began as a Minotaur Fighter on Feb 7, 2021.
             Was the Champion of Okawaru.
             Killed from afar by Wuaseum the pandemonium lord (79 damage)
             ... with a crystal spear
             ... in the Dungeon (Sprint VII: "The Pits").
             The game lasted 00:07:38 (3888 turns).

mhtbhm the Severer (Minotaur Fighter)               Turns: 3888, Time: 00:07:40

Health: -5/134     AC: 25    Str: 25    XL:     13   Next: 4%
Magic:  19/21      EV: 14    Int:  5    God:    Okawaru [******]
Gold:   55         SH: 17    Dex:  6    Spells: 10/12 levels left

rFire    + . .     SeeInvis +   a - +4 war axe (drain)
rCold    + . .     Faith    .   c - +0 kite shield of the Gloaming {Stlth+}
rNeg     . . .     Spirit   .   b - +4 plate armour {rF+}
rPois    .         Reflect  .   (helmet restricted)
rElec    .         Harm     .   s - +0 cloak
rCorr    .         Rampage  .   (no gloves)
Will     .....     NoTele   +   (no boots)
Stlth    ..........             (no amulet)
HPRegen  0.32/turn              p - +3 ring of evasion
MPRegen  0.17/turn              A - ring of Uskayaw's Esteem {Wiz rC+ Dex-5 Slay+4 SInv}

@: heroism
A: retaliatory headbutt, horns 2
a: Renounce Religion, Heroism, Finesse


You were in the Dungeon.
You worshipped Okawaru.
Okawaru was exalted by your worship.
You visited 1 branch You collected 55 gold pieces.

Inventory:

Hand Weapons
 a - a +4 war axe of draining (weapon)
 o - the +11 arbalest of Ikous {flame, rElec Str+7 Dex-2, unknown}
   (Okawaru gifted it to you in the Dungeon)

   It causes projectiles fired from it to burn those they strike, causing extra
   injury to most foes and up to half again as much damage against particularly
   susceptible opponents.
   It affects your strength (+7).
   It affects your dexterity (-2).
   It insulates you from electricity.
 C - the +4 hand axe "Watiywan" {flame, rF+}
   (Okawaru gifted it to you in the Dungeon)

   It has been specially enchanted to burn those struck by it, causing extra
   injury to most foes and up to half again as much damage against particularly
   susceptible opponents.
   Big, fiery blades are also staple armaments of hydra-hunters.
   It protects you from fire.
Missiles
 t - 4 silver boomerangs (quivered)
Armour
 b - a +4 plate armour of fire resistance (worn)
 c - the +0 kite shield of the Gloaming (worn) {Stlth+}
   (Okawaru gifted it to you in the Dungeon)

   It makes you more stealthy.
 s - a +0 cloak (worn)
Jewellery
 p - a +3 ring of evasion (left hand)
 v - an uncursed ring of willpower
 A - the ring of Uskayaw's Esteem (right hand) {Wiz rC+ Dex-5 Slay+4 SInv}
   (You found it in the Dungeon)

   [ring of wizardry]

   It improves your spell success rate.
   It affects your dexterity (-5).
   It affects your accuracy and damage with ranged weapons and melee attacks
   (+4).
   It protects you from cold.
   It lets you see invisible.
Scrolls
 j - a scroll of blinking
 l - 5 scrolls of remove curse
 m - 5 scrolls of amnesia
 n - a scroll of summoning
 w - 2 scrolls of enchant weapon
 x - 2 scrolls of fear
 y - a scroll of fog
 z - a scroll of identify
 B - a scroll of magic mapping
Potions
 d - 4 potions of might
 e - 5 potions of curing
 f - 9 potions of heal wounds
 g - 2 potions of haste
 h - 4 potions of magic
 i - 3 potions of berserk rage
 k - 2 potions of invisibility
 q - a potion of resistance
 r - 3 potions of mutation
 u - a potion of brilliance


   Skills:
 + Level 17.7(22.7) Fighting
 + Level 20.0(25.0) Axes
 + Level 0.3(5.3) Throwing
 + Level 16.8(21.8) Armour
 + Level 7.6(12.6) Dodging
 - Level 2.0(7.0) Stealth
 + Level 18.3(23.3) Shields
 * Level 12.2 Invocations


You had 10 spell levels left.
You knew the following spells:

 Your Spells              Type           Power        Failure   Level
a - Wereblood             Tmut           0%           80%         2

Your spell library contained the following spells:

 Spells                   Type           Power        Failure   Level
 Beastly Appendage        Tmut           0%           65%         1
 Spider Form              Tmut/Pois      0%           95%         3
 Animate Dead             Necr           0%           100%        4
 Ice Form                 Ice/Tmut       0%           100%        4
 Blade Hands              Tmut           0%           100%        5
 Borgnjor's Vile Clutch   Necr/Erth      0%           100%        5
 Death Channel            Necr           0%           100%        6
 Simulacrum               Ice/Necr       0%           100%        6


Dungeon Overview and Level Annotations

Branches:
Dungeon (1/1)

Altars:
Ashenzari
Cheibriados
Dithmenos
Elyvilon
Fedhas
Gozag
Hepliaklqana
Kikubaaqudgha
Makhleb
Nemelex Xobeh
Okawaru
Qazlal
Ru
Sif Muna
Trog
Uskayaw
Vehumet
Wu Jian
Xom
Yredelemnul
Zin
The Shining One
Beogh
Jiyva
Lugonu


Innate Abilities, Weirdness & Mutations

You reflexively headbutt those who attack you in melee.
You have a pair of horns on your head.


Message History

Unknown command.
You feel much better. You block the red devil's attack.
Wuaseum completely misses you. You block the chaos spawn's attack.
You hit Wuaseum but do no damage. You headbutt Wuaseum.
Wuaseum is moderately wounded.
You slice the chaos spawn!! Wuaseum misses you. You furiously retaliate!
You headbutt Wuaseum!
The red devil hits you from afar with a +0 trident.
You slash Wuaseum! You headbutt Wuaseum, but do no damage.
Wuaseum is heavily wounded.
You hit the chaos spawn but do no damage.
You block the chaos spawn's attack.
Unknown command.
You hit Wuaseum. You headbutt Wuaseum, but do no damage.
Wuaseum is heavily wounded.
You closely miss the chaos spawn. Wuaseum gestures at you.
The crystal spear hits you!!!!
Ouch! That really hurt!
You die...

#+# #3# #&# #@#
#4# #4# #)# #.#
#[# #[# #'#
################'#


You could see Wuaseum, a sixfirhy (summoned), a chaos spawn (summoned) and a red
devil (summoned).

Vanquished Creatures
  A curse toe (D)
  A tentacled monstrosity (D)
  A nagaraja (D)
  An emperor scorpion (D)
  A draconian knight (D)
  A stone giant (D)
  A green death (D)
  A spriggan air mage (D)
  A centaur warrior (D)
  A death knight (D)
  A death yak (D)
  An unseen horror (D)
  A sea snake (D)
  2 deep trolls (D)
  A bog body (D)
  A flayed ghost (D)
  A phantasmal warrior (D)
  A deep elf zephyrmancer (D)
  A manticore (D)
  2 elephants (D)
  A cyclops (D)
  A molten gargoyle (D)
  A rime drake (D)
  A demonic crawler (D)
  A komodo dragon (D)
  A freezing wraith (D)
  A guardian mummy (D)
  A hellwing (D)
  A red devil (D)
  A polar bear (D)
  A wind drake (D)
  2 hornets (D)
  9 blink frogs (D)
  A tyrant leech (D)
  6 dream sheep (D)
  A snapping turtle (D)
  2 spriggans (D)
  A wyvern (D)
  2 small abominations (D)
  3 redbacks (D)
  A fire elemental (D)
  A steam dragon (D)
  A chaos spawn (D)
  Edmund (D)
  2 acid dragons (D)
  A black bear (D)
  2 orc warriors (D)
  A necrophage (D)
  A wolf (D)
  2 big kobolds (D)
  9 killer bees (D)
  5 wights (D)
  A crimson imp (D)
  A quasit (D)
  An iron imp (D)
  An orc priest (D)
  An iguana (D)
  4 orc wizards (D)
  2 mummies (D)
  A gnoll (D)
  An ufetubus (D)
  An ooze (D)
  An adder skeleton (D)
  An adder simulacrum (D)
  11 orcs (D)
  A bat skeleton (D)
  A bat zombie (D)
  3 jackals (D)
  A quokka (D)
  A ball python (D)
  A rat (D)
122 creatures vanquished.

Notes
Turn   | Place    | Note
-------+----------+-------------------------------------------
     0 | D        | mhtbhm the Minotaur Fighter began the quest for the Orb.
     0 | D        | Reached XP level 1. HP: 19/19 MP: 0/0
    12 | D        | Reached XP level 2. HP: 28/28 MP: 1/1
    16 | D        | Found a bloodstained altar of Trog.
    16 | D        | Found a shimmering blue altar of Sif Muna.
    16 | D        | Found a viscous altar of Jiyva.
    16 | D        | Found a hazy altar of Hepliaklqana.
    16 | D        | Found an opulent altar of Gozag.
    17 | D        | Found a glowing golden altar of the Shining One.
    17 | D        | Found a glowing silver altar of Zin.
    17 | D        | Found a basalt altar of Yredelemnul.
    17 | D        | Found a shimmering altar of Xom.
    17 | D        | Found an ornate altar of the Wu Jian Council.
    17 | D        | Found a sacrificial altar of Ru.
    17 | D        | Found a stormy altar of Qazlal.
    17 | D        | Found an iron altar of Okawaru.
    17 | D        | Found a sparkling altar of Nemelex Xobeh.
    17 | D        | Found a burning altar of Makhleb.
    17 | D        | Found a blossoming altar of Fedhas.
    17 | D        | Found a white marble altar of Elyvilon.
    17 | D        | Found a shadowy altar of Dithmenos.
    17 | D        | Found a snail-covered altar of Cheibriados.
    19 | D        | Found a radiant altar of Vehumet.
    19 | D        | Found a corrupted altar of Lugonu.
    19 | D        | Found a roughly hewn altar of Beogh.
    20 | D        | Found a hide-covered altar of Uskayaw.
    20 | D        | Found an ancient bone altar of Kikubaaqudgha.
    20 | D        | Found a broken altar of Ashenzari.
    25 | D        | Became a worshipper of Warmaster Okawaru
    67 | D        | Reached skill level 3 in Axes
   155 | D        | Noticed a wolf
   157 | D        | Reached skill level 5 in Fighting
   162 | D        | Killed a wolf
   163 | D        | Reached skill level 4 in Axes
   163 | D        | Reached skill level 1 in Dodging
   163 | D        | Reached XP level 3. HP: 7/38 MP: 2/2
   163 | D        | Reached XP level 4. HP: 8/45 MP: 3/3
   166 | D        | Reached skill level 5 in Axes
   444 | D        | Reached XP level 5. HP: 52/52 MP: 4/4
   446 | D        | Reached * piety under Okawaru
   446 | D        | Noticed an orc warrior
   452 | D        | Reached skill level 6 in Axes
   459 | D        | Killed an orc warrior
   460 | D        | Reached skill level 7 in Axes
   460 | D        | Reached XP level 6. HP: 37/63 MP: 5/5
   660 | D        | Noticed a guardian mummy
   672 | D        | Killed a guardian mummy
   672 | D        | Reached ** piety under Okawaru
   673 | D        | Reached skill level 10 in Fighting
   673 | D        | Reached skill level 8 in Axes
   673 | D        | Reached skill level 10 in Armour
   673 | D        | Reached XP level 7. HP: 57/72 MP: 6/6
   827 | D        | Reached skill level 9 in Axes
   827 | D        | Reached skill level 1 in Stealth
   854 | D        | Noticed a manticore
   854 | D        | Noticed a red devil
   862 | D        | Killed a manticore
   862 | D        | Reached *** piety under Okawaru
   863 | D        | Reached skill level 10 in Axes
   863 | D        | Reached XP level 8. HP: 31/82 MP: 7/7
   876 | D        | Killed a red devil
   877 | D        | Reached skill level 11 in Axes
   877 | D        | Reached skill level 10 in Shields
  1237 | D        | Noticed a blink frog
  1238 | D        | Noticed a blink frog
  1239 | D        | Noticed a blink frog
  1239 | D        | Noticed a blink frog
  1239 | D        | Noticed a blink frog
  1244 | D        | Killed a blink frog
  1244 | D        | Killed a blink frog
  1244 | D        | Reached **** piety under Okawaru
  1245 | D        | Reached skill level 12 in Axes
  1251 | D        | Killed a blink frog
  1252 | D        | Reached XP level 9. HP: 64/90 MP: 8/8
  1262 | D        | Reached skill level 13 in Axes
  1390 | D        | Noticed an elephant
  1390 | D        | Noticed a cyclops
  1390 | D        | Noticed a tyrant leech
  1400 | D        | Killed a cyclops
  1405 | D        | Killed an elephant
  1405 | D        | Reached ***** piety under Okawaru
  1406 | D        | Reached skill level 14 in Axes
  1408 | D        | Killed a tyrant leech
  1427 | D        | Noticed a demonic crawler
  1427 | D        | Noticed a deep elf zephyrmancer
  1436 | D        | Killed a deep elf zephyrmancer
  1437 | D        | Reached XP level 10. HP: 78/101 MP: 8/10
  1441 | D        | Reached skill level 5 in Dodging
  1444 | D        | Reached skill level 15 in Axes
  1671 | D        | Noticed a molten gargoyle
  1675 | D        | Noticed Edmund
  1682 | D        | Killed a molten gargoyle
  1691 | D        | Killed Edmund
  1800 | D        | Received a gift from Okawaru
  1877 | D        | Reached skill level 16 in Axes
  1877 | D        | Reached skill level 5 in Invocations
  1880 | D        | Noticed a flayed ghost
  1881 | D        | Noticed a sea snake
  1887 | D        | Killed a flayed ghost
  1893 | D        | Killed a sea snake
  1893 | D        | Reached ****** piety under Okawaru
  1950 | D        | Noticed a death knight
  1969 | D        | Killed a death knight
  1970 | D        | Reached XP level 11. HP: 38/110 MP: 14/14
  2366 | D        | Noticed a death yak
  2366 | D        | Noticed a phantasmal warrior
  2370 | D        | Noticed a bog body
  2378 | D        | Killed a death yak
  2378 | D        | Received a gift from Okawaru
  2379 | D        | Reached skill level 17 in Axes
  2395 | D        | Reached skill level 15 in Armour
  2399 | D        | Killed a phantasmal warrior
  2412 | D        | Killed a bog body
  2423 | D        | Reached skill level 15 in Shields
  2597 | D        | Got the ring of Uskayaw's Esteem {Wiz rC+ Dex-5 Slay+4
                  | SInv}
  2700 | D        | Learned a level 2 spell: Wereblood
  2727 | D        | Noticed a deep troll
  2738 | D        | Killed a deep troll
  2739 | D        | Reached skill level 18 in Axes
  2889 | D        | Reached skill level 15 in Fighting
  2968 | D        | Noticed an unseen horror
  2972 | D        | Killed an unseen horror
  3015 | D        | Noticed a curse toe
  3068 | D        | Noticed a stone giant
  3068 | D        | Noticed a nagaraja
  3068 | D        | Noticed an emperor scorpion
  3068 | D        | Noticed a green death
  3068 | D        | Noticed a deep troll
  3068 | D        | Noticed a centaur warrior
  3078 | D        | Killed a stone giant
  3078 | D        | Received a gift from Okawaru
  3079 | D        | Reached skill level 10 in Invocations
  3079 | D        | Reached XP level 12. HP: 119/122 MP: 18/18
  3084 | D        | Killed a centaur warrior
  3092 | D        | HP: 5/122 [poisoned by a nagaraja (splash of poison)]
  3101 | D        | Killed a nagaraja
  3102 | D        | Killed a green death
  3103 | D        | Reached skill level 19 in Axes
  3106 | D        | Killed an emperor scorpion
  3106 | D        | Received a gift from Okawaru
  3110 | D        | Got an encrusted arbalest {god gift}
  3311 | D        | Got a transparent hand axe {god gift}
  3312 | D        | Identified the +4 hand axe "Watiywan" {flame, rF+} (Okawaru
                  | gifted it to you in the Dungeon)
  3493 | D        | Killed a curse toe
  3497 | D        | Noticed a spriggan air mage
  3502 | D        | Killed a spriggan air mage
  3502 | D        | Received a gift from Okawaru
  3505 | D        | Noticed a green draconian knight
  3521 | D        | Killed a green draconian knight
  3532 | D        | Got a scorched kite shield {god gift}
  3538 | D        | Identified the +0 kite shield of the Gloaming {Stlth+}
                  | (Okawaru gifted it to you in the Dungeon)
  3723 | D        | Noticed a tentacled monstrosity
  3735 | D        | Killed a tentacled monstrosity
  3736 | D        | Reached skill level 20 in Axes
  3736 | D        | Reached XP level 13. HP: 91/134 MP: 19/21
  3870 | D        | Noticed Wuaseum the pandemonium lord
  3888 | D        | Killed from afar by Wuaseum the pandemonium lord

Illustrated notes

Levels and vault maps discovered:
D:        pitsprint [storerooms_1, entrance_room_1, metal_vault_3, armoury_1,
          mini_pit_1, grid_room_1, main_hall_1, silver_pit, the_coven_1,
          the_vestibule_1, steel_vault_3, golden_pit, hallway_of_sentries,
          crystal_vault_2, iron_vault_5, final_vault]

Skill      XL: |  1  2  3  4  5  6  7  8  9 10 11 12 |
---------------+-------------------------------------+-----
Fighting       | 4 6 7 9 10 11 12 13 14 15 17 | 17.7
Armour         | 4 6 7 9 10 11 13 14 15 16 | 16.8
Shields        | 4 6 8 9 10 12 13 16 18 | 18.3
Axes           | 4 5 7 8 10 12 14 16 18 20 | 20.0
Dodging        | 1 2 3 4 5 6 7 |  7.6
Stealth        | 1 2 |  2.0
Invocations    | 2 6 10 12 | 12.2
Throwing       | |  0.3

Action                   |  1- 3 |  4- 6 |  7- 9 | 10-12 | 13-15 || total
-------------------------+-------+-------+-------+-------+-------++-------
Melee: Headbutt          |     4 |    12 |    12 |    47 |     7 ||    82
       War axe           |     2 |       |       |   199 |    14 ||   215
       Hand axe          |    13 |    50 |    23 |       |       ||    86
       Broad axe         |       |       |    38 |    46 |       ||    84
Throw: Boomerang         |       |       |       |     1 |       ||     1
Invok: Heroism           |       |       |       |     2 |     2 ||     4
  Use: Potion            |       |     2 |     1 |     7 |     2 ||    12
       Scroll            |       |       |       |     1 |       ||     1
Armor: Scale mail        |     9 |     1 |       |       |       ||    10
       Plate armour      |       |    17 |    11 |     9 |       ||    37
       Chain mail        |       |       |    27 |    64 |       ||    91
Dodge: Dodged            |     9 |    13 |    51 |   120 |     3 ||   196
Block: Kite shield       |     8 |    19 |    51 |   174 |     7 ||   259

Table legend: (Time is in decaauts)
 A = Elapsed time spent in this place.
 B = Non-inter-level travel time spent in this place.
 C = Inter-level travel time spent in this place.
 D = Time resting spent in this place.
 E = Time spent auto-exploring this place.
 F = Levels seen in this place.
 G = Mean time per level.
                   A        B        C        D        E       F      G
               +--------+--------+--------+--------+--------+-----+--------+
         Total |   3877 |   3877 |      0 |   2323 |    363 |   1 | 3877.0 |
       Dungeon |   3877 |   3877 |      0 |   2323 |    363 |   1 | 3877.0 |
               +--------+--------+--------+--------+--------+-----+--------+

Top non-repeatable levels by time:
       D: 3877 daAuts
